 Dungeon Crawl Stone Soup version 0.26-a0-846-gcc8f1ee719 (webtiles) character file.

Game seed: 2386857663445782992

6089 rocket00000 the Destroyer (level 10, -6/81 HPs)
             Began as a Grey Draconian Conjurer on Nov 19, 2020.
             Was a Priest of Qazlal.
             Killed from afar by a shock serpent (shapeshifter) (9 damage)
             ... with an electric aura
             ... in a Gauntlet on Nov 20, 2020.
             The game lasted 01:29:28 (7793 turns).

rocket00000 the Destroyer (Grey Draconian Conjurer) Turns: 7793, Time: 01:29:29

Health: -6/81      AC: 16    Str:  9    XL:     10   Next: 58%
Magic:  11/29      EV: 15    Int: 22    God:    Qazlal [***...]
Gold:   447        SH:  4    Dex: 10    Spells: 13/23 levels left

rFire    . . .     SeeInvis .   z - +1 flail (protect)
rCold    . . .     Faith    .   (no shield)
rNeg     . . .     Spirit   .   (armour unavailable)
rPois    .         Reflect  .   (helmet restricted)
rElec    .         Harm     .   (no cloak)
rCorr    .         Rampage  .   (no gloves)
MR       .....     NoTele   +   (no boots)
Stlth    +.........             (no amulet)
HPRegen  0.23/turn              p - ring of magical power
MPRegen  0.21/turn              F - +4 ring of protection

@: very slightly contaminated
A: walk through water, unfitting armour, unbreathing, cold-blooded, AC +12
a: Upheaval, Elemental Force, Renounce Religion


You were in a Gauntlet.
You worshipped Qazlal.
Qazlal was most pleased with you.
You visited 2 branches of the dungeon, and saw 9 of its levels.
You also visited: Gauntlet.

You collected 447 gold pieces.

Inventory:

Hand Weapons
 k - a +0 shortbow
 m - a +0 trident
 t - a +0 flail of venom
 x - a +0 whip of flaming
 z - a +1 flail of protection (weapon)
 B - a +1 falchion of holy wrath
Missiles
 c - 151 arrows
 e - 9 poisoned darts
 g - 272 stones
 o - 5 javelins (quivered)
 A - 6 silver javelins
 C - 8 boomerangs
Magical Staves
 G - an uncursed staff of earth
Jewellery
 p - a ring of magical power (left hand)
 F - a +4 ring of protection (right hand)
Scrolls
 h - a scroll of immolation {unknown}
 q - 2 scrolls of blinking
 r - 2 scrolls of teleportation
 u - a scroll of enchant armour
 D - a scroll of magic mapping
Potions
 a - 2 potions of haste
 b - 5 potions of lignification
 d - 5 potions of curing
 f - 2 potions of might {unknown}
 i - a potion of invisibility
 j - 5 potions of heal wounds
 l - 2 potions of mutation
 n - 4 potions of flight
 s - 3 potions of brilliance
 v - 2 potions of berserk rage
 E - a potion of resistance {unknown}


   Skills:
 + Level 5.2 Fighting
 + Level 6.5 Maces & Flails
 - Level 2.0 Polearms
 + Level 6.9 Dodging
 - Level 2.2 Stealth
 + Level 3.6 Shields
 + Level 0.3 Unarmed Combat
 + Level 7.0 Spellcasting
 + Level 8.5 Conjurations
 + Level 1.1 Hexes


You had 13 spell levels left.
You knew the following spells:

 Your Spells              Type           Power        Failure   Level
a - Magic Dart            Conj           ####         1%          1
b - Searing Ray           Conj           #####.       1%          2
c - Dazzling Flash        Conj/Hex       ####..       3%          3
d - Fulminant Prism       Conj/Hex       ####......   11%         4

Your spell library contained the following spells:

 Spells                   Type           Power        Failure   Level
 Shock                    Conj/Air       ####         1%          1
 Static Discharge         Conj/Air       ####....     4%          3
 Swiftness                Air            #.......     12%         2
 Iskenderun's Mystic Bla  Conj/Tloc      ####....     14%         4
 Lightning Bolt           Conj/Air       ####......   36%         5
 Airstrike                Air            #.........   63%         4


Dungeon Overview and Level Annotations

Branches:
Dungeon (8/15)             Temple (0/1) D:4            Lair (1/6) D:8
Gauntlet (1/1)

Altars:
Elyvilon
Fedhas
Gozag
Hepliaklqana
Nemelex Xobeh
Okawaru
Qazlal
Ru
Sif Muna
Vehumet
The Shining One

Portals:
Ice
Cave: Lair:1

Annotations:
Gauntlet 2 transporters


Innate Abilities, Weirdness & Mutations

You can walk through water.
Your dull iron-grey scales are very hard. (AC +12)
You cannot fit into any form of body armour.
You can survive without breathing.
You are cold-blooded and may be slowed by cold attacks.


Message History

Aiming: Searing Ray (safe; 1% risk of failure)
Press: ? - help, Shift-Dir - straight line, f/p - shock serpent
Aim: a shock serpent shaped shifter (heavily wounded)
The searing ray hits the shock serpent!
The shock serpent is heavily wounded. (Press . to maintain the ray.)
The shock serpent shoots out a bolt of lightning at you!
The bolt of electricity hits you!!
* * * LOW HITPOINT WARNING * * *
You block the shock serpent's attack.
The searing ray hits the shock serpent!
The shock serpent is severely wounded.
The shock serpent's electric aura discharges, shocking you!
* * * LOW HITPOINT WARNING * * *
The shock serpent shoots out a bolt of lightning at you!
The bolt of electricity misses you.
The searing ray hits the shock serpent!
The shock serpent is almost dead.
The shock serpent's electric aura discharges, shocking you!
You die...

..............∩§..
........................
.###########..##########
.#....?.#..#..##.......#
.....#...#..#.#.....#. .
....#...#..#[.#..^#..
##.##.#y†..####...#^#...
©#©..###S..#©©#©...#©†..
##....#@##.####...#^#...
.#...#....##..#..#...#..
.#. #.....#..#.#.....#.
. ......#..##.......#
########..##########
.....................
......................
≈#≈#≈#≈#§#≈#≈#§#≈#≈#≈#≈
# ############


You could see a shock serpent shaped shifter and a hornet shaped shifter.

Vanquished Creatures
  A two-headed ogre (D:8)
  A guardian serpent (shapeshifter) (Gauntlet)
  A cane toad (Lair:1)
  A komodo dragon (D:8)
  2 hornets (Gauntlet)
  A yak (D:8)
  3 water moccasins
  An ice beast (Lair:1)
  6 orc warriors
  A phantom (D:4)
  A black bear (D:8)
  A sky beast (D:8)
  A necrophage (D:5)
  4 ogres
  2 centaurs (D:8)
  7 bullfrogs
  A water moccasin zombie (D:6)
  5 scorpions
  2 water moccasin skeletons (D:7)
  3 wights (D:8)
  2 jellies
  3 howler monkeys
  5 orc wizards
  3 hounds
  7 orc priests
  2 bullfrog skeletons
  Jessica (D:2)
  An iguana (D:7)
  5 worker ants
  2 hound skeletons (D:8)
  9 river rats (D:5)
  11 adders
  3 shadow imps
  4 white imps
  2 ufetubi (D:7)
  An ooze (D:3)
  3 worms
  2 dart slugs
  8 leopard geckos
  24 orcs
  10 giant cockroaches
  6 goblins
  5 hobgoblins
  16 jackals
  10 quokkas
  A ball python (D:2)
  6 bats
  3 frilled lizards
  A jackal skeleton (D:5)
  A jackal zombie (D:5)
  8 kobolds
  2 leopard gecko skeletons
  A leopard gecko zombie (D:5)
  12 rats
225 creatures vanquished.

Vanquished Creatures (others)
  2 fulminant prisms (Gauntlet)
  52 fungi
  110 plants
164 creatures vanquished.

Grand Total: 389 creatures vanquished

Notes
Turn   | Place    | Note
-------+----------+-------------------------------------------
     0 | D:1      | rocket00000 the Draconian Conjurer began the quest for the
                  | Orb.
     0 | D:1      | Reached XP level 1. HP: 14/14 MP: 3/3
   260 | D:1      | Reached XP level 2. HP: 17/20 MP: 3/5
   265 | D:1      | Learned a level 2 spell: Searing Ray
   723 | D:2      | Reached XP level 3. HP: 26/26 MP: 1/6
   839 | D:2      | Reached skill level 5 in Conjurations
  1106 | D:2      | Reached XP level 4. HP: 33/33 MP: 7/7
  1221 | D:2      | Found an iron altar of Okawaru.
  1337 | D:2      | Noticed Jessica
  1340 | D:2      | Killed Jessica
  1341 | D:2      | Reached skill level 1 in Fighting
  1768 | D:3      | Reached XP level 5. HP: 40/40 MP: 4/8
  2660 | D:4      | Found a sacrificial altar of Ru.
  2660 | D:4      | Found a hazy altar of Hepliaklqana.
  2662 | D:4      | Found a white marble altar of Elyvilon.
  2670 | D:4      | Found an opulent altar of Gozag.
  2672 | D:4      | Found a stormy altar of Qazlal.
  2674 | D:4      | Found a glowing golden altar of the Shining One.
  2674 | D:4      | Found a blossoming altar of Fedhas.
  2675 | D:4      | Found a radiant altar of Vehumet.
  2697 | D:4      | Became a worshipper of Qazlal Stormbringer
  2731 | D:4      | Noticed a phantom
  2740 | D:4      | Noticed an ogre
  2754 | D:4      | Learned a level 3 spell: Dazzling Flash
  2760 | D:4      | Killed an ogre
  2761 | D:4      | Reached XP level 6. HP: 48/48 MP: 5/10
  3036 | D:4      | Found a staircase to the Ecumenical Temple.
  3113 | D:4      | Reached skill level 6 in Conjurations
  3141 | D:5      | Entered Level 5 of the Dungeon
  3146 | D:5      | Found a sparkling altar of Nemelex Xobeh.
  3159 | D:5      | Your scales start taking on a dull iron-grey colour.
  3159 | D:5      | Reached XP level 7. HP: 26/56 MP: 10/12
  3159 | D:5      | Gained mutation: You can survive without breathing. [Grey
                  | Draconian growth]
  3459 | D:5      | Reached skill level 1 in Polearms
  3497 | D:5      | Reached * piety under Qazlal
  3884 | D:5      | You fall into a shaft and drop 3 floors!
  3915 | D:8      | Reached XP level 8. HP: 50/62 MP: 14/14
  3989 | D:8      | Reached skill level 1 in Maces & Flails
  4081 | D:8      | Reached ** piety under Qazlal
  4326 | D:7      | Reached skill level 5 in Dodging
  4484 | D:7      | Reached skill level 1 in Shields
  4484 | D:7      | Reached skill level 5 in Spellcasting
  4864 | D:6      | Found a shimmering blue altar of Sif Muna.
  5147 | D:5      | Reached skill level 7 in Conjurations
  5242 | D:6      | Reached XP level 9. HP: 71/71 MP: 16/16
  6271 | D:8      | Reached *** piety under Qazlal
  6483 | D:8      | Noticed a two-headed ogre
  6515 | D:8      | Killed a two-headed ogre
  6516 | D:8      | Reached skill level 5 in Maces & Flails
  6573 | D:8      | Reached skill level 8 in Conjurations
  6573 | D:8      | Reached XP level 10. HP: 63/80 MP: 13/19
  6918 | D:8      | Found a staircase to the Lair.
  7360 | Lair:1   | Entered Level 1 of the Lair of Beasts
  7396 | Lair:1   | Noticed a cane toad
  7406 | Lair:1   | Killed a cane toad
  7407 | Lair:1   | Reached skill level 5 in Fighting
  7434 | Lair:1   | Reached skill level 1 in Hexes
  7489 | Lair:1   | Found a gate leading to a gauntlet.
  7494 | Lair:1   | Found a frozen archway.
  7504 | Gauntlet | Entered a Gauntlet
  7504 | Gauntlet | Found a transporter.
  7504 | Gauntlet | Found a transporter.
  7504 | Gauntlet | Found a transporter.
  7504 | Gauntlet | Noticed a large abomination
  7623 | Gauntlet | Learned a level 4 spell: Fulminant Prism
  7626 | Gauntlet | Found a transporter.
  7628 | Gauntlet | Noticed a harpy
  7685 | Gauntlet | Noticed a guardian serpent
  7685 | Gauntlet | a harpy changed into a guardian serpent
  7706 | Gauntlet | Noticed an orb spider
  7706 | Gauntlet | a guardian serpent changed into an orb spider
  7742 | Gauntlet | an orb spider changed into a shapeshifter
  7743 | Gauntlet | Noticed a black mamba
  7743 | Gauntlet | a shapeshifter changed into a black mamba
  7753 | Gauntlet | a black mamba changed into a komodo dragon
  7775 | Gauntlet | Noticed a guardian serpent
  7775 | Gauntlet | a floating eye changed into a guardian serpent
  7778 | Gauntlet | Noticed a deep troll
  7781 | Gauntlet | Found a transporter.
  7787 | Gauntlet | Noticed a shock serpent
  7787 | Gauntlet | a deep troll changed into a shock serpent
  7788 | Gauntlet | Killed a guardian serpent
  7792 | Gauntlet | HP: 3/81 [shock serpent (shapeshifter)/electric aura (5)]
  7793 | Gauntlet | Killed from afar by a shock serpent (shapeshifter)

Illustrated notes

Levels and vault maps discovered:
D:1:      evilmike_arrival_plus, layout_loops_ring
D:2:      layout_basic, okawaru_gym_becter, uniq_jessica
D:3:      layout_basic, kennysheep_cross_bottleneck, kennysheep_generic_room_13
D:4:      layout_cave_pools, grunt_temple_overflow_open,
          minmay_temple_entry_nine_rooms
D:5:      lemuel_ratsnest, layout_basic, nemelex_xobeh_ov_fountains_minmay
D:6:      layout_basic, led_sif_pool
D:7:      layout_basic, kennysheep_pointless_box
D:8:      layout_basic, due_lair_maze_entry_diamond, grunt_ministairs_6,
          kennysheep_boxes
Lair:1:   layout_regular_city, gauntlet_entry_generic,
          portal_ice_cave_entry_ice_beasts, uniq_joseph
Gauntlet: minmay_gauntlet_mixed_big_or_small [nicolae_gauntlet_arena_x,
          minmay_gauntlet_arena_77_path, nicolae_gauntlet_swirl,
          minmay_gauntlet_arena_77_terracotta_army,
          minmay_gauntlet_arena_make_your_own_arena,
          minmay_gauntlet_arena_77_shame_cube, gauntlet_exit_green]

Skill      XL: |  1  2  3  4  5  6  7  8  9 10 |
---------------+-------------------------------+-----
Dodging        | 2 3 4 5 6 |  6.9
Conjurations   | 5 6 7 8 |  8.5
Fighting       | 1 2 4 5 |  5.2
Stealth        | 2 |  2.2
Spellcasting   | 3 4 5 6 7 |  7.0
Polearms       | 1 2 |  2.0
Maces & Flails | 3 5 6 |  6.5
Shields        | 1 2 3 |  3.6
Hexes          | 1 |  1.1
Unarmed Combat | |  0.3

Action                   |  1- 3 |  4- 6 |  7- 9 | 10-12 || total
-------------------------+-------+-------+-------+-------++-------
Melee: Unarmed           |     7 |       |       |       ||     7
       Hand axe          |    41 |    17 |       |       ||    58
       Tailslap          |     5 |     6 |     9 |     2 ||    22
       Mace              |    17 |    48 |       |       ||    65
       Trident           |       |    21 |    10 |       ||    31
       Flail             |       |       |   101 |    35 ||   136
Throw: Stone             |       |     8 |       |       ||     8
       Javelin           |       |     5 |     2 |       ||     7
 Cast: Magic Dart        |    27 |    30 |     8 |       ||    65
       Searing Ray       |     4 |    17 |    70 |    17 ||   108
       Dazzling Flash    |       |     3 |     8 |     2 ||    13
       Fulminant Prism   |       |       |       |     2 ||     2
  Use: Scroll            |     3 |     8 |     2 |     4 ||    17
       Potion            |     2 |       |     1 |     1 ||     4
 Stab: Distracted        |       |     1 |       |       ||     1
       Sleeping          |       |     1 |       |       ||     1
       Invisible         |       |       |     1 |       ||     1
Armor: Skin              |    63 |    38 |    75 |    34 ||   210
Dodge: Dodged            |    68 |    71 |   183 |    61 ||   383
Block: Other             |       |       |    24 |    18 ||    42

Table legend: (Time is in decaauts)
 A = Elapsed time spent in this place.
 B = Non-inter-level travel time spent in this place.
 C = Inter-level travel time spent in this place.
 D = Time resting spent in this place.
 E = Time spent auto-exploring this place.
 F = Levels seen in this place.
 G = Mean time per level.
                   A        B        C        D        E       F      G
               +--------+--------+--------+--------+--------+-----+--------+
         Total |   7895 |   7848 |     47 |   1721 |     87 |  10 |  789.5 |
       Dungeon |   7458 |   7411 |     47 |   1514 |     87 |   8 |  932.2 |
          Lair |    144 |    144 |      0 |      0 |      0 |   1 |  144.0 |
      Gauntlet |    292 |    292 |      0 |    207 |      0 |   1 |  292.0 |
               +--------+--------+--------+--------+--------+-----+--------+

Top non-repeatable levels by time:
     D:8: 1586 daAuts
     D:3: 1056 daAuts
     D:1: 951 daAuts
     D:6: 906 daAuts
     D:7: 830 daAuts
     D:5: 778 daAuts
     D:4: 692 daAuts
     D:2: 655 daAuts
Gauntlet: 292 daAuts
  Lair:1: 144 daAuts
